[Event "Superliga 2010_M"]
[Site "?"]
[Date "2010.09.12"]
[Round "9.12"]
[White "Thesing, Matthias"]
[Black "Gilea, Lucian"]
[Result "1-0"]
[ECO "C16"]
[WhiteElo "2432"]
[BlackElo "2287"]
[PlyCount "79"]
[EventDate "2010.??.??"]
[TimeControl "5400"]

1. e4 e6 2. d4 d5 3. Nc3 Bb4 4. e5 Qd7 5. Bd2 b6 6. Bb5 c6 7. Ba4 b5 8. Bb3 c5
9. dxc5 Bxc5 10. Qg4 f5 11. Qh5+ g6 12. Qh4 a6 13. O-O-O Bb7 14. Nf3 Be7 15.
Qg3 Bf8 16. h4 Ne7 17. h5 Nbc6 18. hxg6 Nxg6 19. Bg5 Na5 20. Ne2 Nc4 21. Nfd4
Bg7 22. f4 Qf7 23. Bh6 Rg8 24. Bxg7 Rxg7 25. Rh6 O-O-O 26. Qc3 Qe8 27. Rdh1 Nf8
28. a4 bxa4 29. Bxc4 dxc4 30. Qxc4+ Rc7 31. Qb4 Bxg2 32. Rg1 Bd5 33. Nc3 Rb7
34. Qc5+ Kb8 35. Rg8 Rc7 36. Qb4+ Rb7 37. Qa5 a3 38. Rf6 axb2+ 39. Kb1 Rf7 40.
Rxf7 1-0